 Dungeon Sprint DCSS version 0.20.1-1-g8b1a95d (webtiles) character file.

13200000 JustSomeDude the Conqueror (level 27, -196/249 HPs)
             Began as a Demonspawn Monk on Aug 30, 2017.
             Was the Champion of Makhleb.
             Annihilated by a fleshlord
             ... wielding a +9 great mace
              (441 damage)
             ... in the Dungeon (Sprint VIII: "Arena of Blood").
             The game lasted 00:05:57 (132 turns).

JustSomeDude the Conqueror (Demonspawn Monk)         Turns: 132, Time: 00:05:57

Health: -196/249   AC:  4    Str: 22    XL:     27
Magic:  46/54      EV: 38    Int: 12    God:    Makhleb [******]
Gold:   0          SH:  0    Dex: 18    Spells: 80/80 levels left

rFire    . . .     SeeInvis +   j - +∞ Axe of Woe
rCold    . . .     Gourm    .   (shield currently unavailable)
rNeg     + . .     Faith    .   b - +0 robe
rPois    .         Spirit   .   (helmet unavailable)
rElec    .         Reflect  .   (no cloak)
rCorr    .         Harm     .   (no gloves)
MR       ++...     NoTele   +   (no boots)
Stlth    ++++++++++             (no amulet)
Regen    10.6/turn              p - +200 ring of slaying
MPRegen  0.4/turn               m - +200 ring of slaying

@: slowed, repel missiles, very slow
A: antennae 3, repulsion field 3, negative energy resistance 1, nightstalker 3,
powered by death 3, 50% torment resistance, black mark
a: Minor Destruction, Lesser Servant of Makhleb, Major Destruction, Greater
Servant of Makhleb, Renounce Religion


You were in the Dungeon.
You worshipped Makhleb.
Makhleb was exalted by your worship.
You were not hungry.

You visited 1 branch

Inventory:

Hand Weapons
 a - a +0 hand axe
 j - the +∞ Axe of Woe (weapon)
   (You found it in the Dungeon)
Armour
 b - a +0 robe (worn)
Jewellery
 k - a +30 ring of slaying
 l - a +30 ring of slaying
 m - a +200 ring of slaying (right hand)
 n - a +30 ring of slaying
 o - a +30 ring of slaying
 p - a +200 ring of slaying (left hand)
 q - a +200 ring of slaying
 r - a +200 ring of slaying
Scrolls
 i - a scroll of blinking
Potions
 d - a potion of curing
 f - a potion of haste
 g - 2 potions of magic
 h - a potion of berserk rage
Comestibles
 c - a bread ration


   Skills:
 O Level 27 Fighting
 O Level 27 Axes
 O Level 27 Throwing
 O Level 27 Armour
 O Level 27 Dodging
 O Level 27 Stealth
 O Level 27 Unarmed Combat
 O Level 27 Spellcasting
 O Level 27 Invocations


You had 80 spell levels left.
You didn't know any spells.

Dungeon Overview and Level Annotations

Branches:
Dungeon (1/1)

Altars:
Makhleb


Innate Abilities, Weirdness & Mutations

You have a pair of large antennae on your head. (SInv)
You are surrounded by a strong repulsion field. (EV +4, RMsl)
You resist negative energy. (rN+)
You are completely attuned to the shadows.
You regenerate a lot of health from kills.
You are somewhat able to resist unholy torments (1 in 2 success).
Your melee attacks may debilitate your foes.


Message History

You pulverise the meat berserker into a thin bloody mist.
You kill the meat berserker!
Makhleb accepts your kill.
You feel better.
You chop the large abomination into pieces!!!!
You slaughter the large abomination joyfully.
You destroy the large abomination!
Makhleb accepts your kill.
You dice the meat berserker like an onion!!!!!
You cleave the meat berserker in twain.
You kill the meat berserker!
Makhleb accepts your kill.
You carve the tentacled monstrosity like a ham!!!!!
You chop the tentacled monstrosity into pieces.
You kill the tentacled monstrosity!
You are engulfed in blazing flames.
You hear a shout! x2
The fleshlord hits you with a +9 great mace!!!!!!
Ouch! That really hurt!
You die...

§.{.o....
#{{.....# { .
#....{..#
{..###)%{{%%.###.
o.%.%.)###LXX.V.{
....%))X_.XX§..{
...{.#)))X.#. {
.....#_)§pX# {
...))#)).)@#
.{..))).§§§).W.
{....).###......
..###)).....###.
.. #..{....#
#{{{....#
..{......
....{... { { { {{


You could see 3 tentacled monstrosities, a tyrant, a fleshlord, 3 large
abominations and a dread.

Vanquished Creatures
  A hell knight (D)
  5 hell beasts (D)
  3 greater mummies (D)
  5 great orbs of eyes (D)
  A wraith (D)
  17 vampire knights (D)
  25 ogres (D)
  4 two-headed ogres (D)
  4 liches (D)
  A hydra (D)
  42 orcs (D)
  3 phantoms (D)
  2 skeletal warriors (D)
  3 large abominations (D)
  2 small abominations (D)
  3 crawling corpses (D)
121 creatures vanquished.

Notes
Turn   | Place    | Note
-------+----------+-------------------------------------------
     0 | D        | JustSomeDude the Demonspawn Monk began the quest for the Orb.
     0 | D        | Reached XP level 1. HP: 18/18 MP: 1/1
     3 | D        | Noticed a bag of meat
     3 | D        | Noticed a meat berserker
     4 | D        | Killed a meat berserker
     4 | D        | Gained mutation: You are surrounded by a mild repulsion field. (EV +2) [demonic ancestry]
     4 | D        | Reached XP level 2. HP: 41/49 MP: 2/2
     4 | D        | Gained mutation: You have a pair of small antennae on your head. [demonic ancestry]
     4 | D        | Reached XP level 3. HP: 46/55 MP: 3/3
     4 | D        | Reached XP level 4. HP: 53/63 MP: 4/4
     4 | D        | Reached XP level 5. HP: 58/69 MP: 5/5
     4 | D        | Gained mutation: You are surrounded by a moderate repulsion field. (EV +3) [demonic ancestry]
     4 | D        | Reached XP level 6. HP: 63/76 MP: 6/6
     4 | D        | Reached XP level 7. HP: 69/83 MP: 7/7
     4 | D        | Reached XP level 8. HP: 75/90 MP: 8/8
     4 | D        | Gained mutation: You are surrounded by a strong repulsion field. (EV +4, RMsl) [demonic ancestry]
     4 | D        | Reached XP level 9. HP: 80/96 MP: 9/9
     4 | D        | Gained mutation: You are slightly more attuned to the shadows. [demonic ancestry]
     4 | D        | Reached XP level 10. HP: 87/104 MP: 10/10
     4 | D        | Gained mutation: You have a pair of antennae on your head. [demonic ancestry]
     4 | D        | Reached XP level 11. HP: 92/110 MP: 11/11
     4 | D        | Gained mutation: You have a pair of large antennae on your head. (SInv) [demonic ancestry]
     4 | D        | Reached XP level 12. HP: 98/117 MP: 12/12
     4 | D        | Reached XP level 13. HP: 104/124 MP: 13/13
     5 | D        | Became a worshipper of Makhleb the Destroyer
     5 | D        | Reached * piety under Makhleb
     5 | D        | Reached ** piety under Makhleb
     6 | D        | Noticed a bag of meat
    10 | D        | Noticed a meat berserker
    11 | D        | Killed a bag of meat
    12 | D        | Noticed a meat berserker
    12 | D        | Noticed a bag of meat
    13 | D        | Killed a meat berserker
    13 | D        | Reached skill level 10 in Stealth
    13 | D        | Reached XP level 14. HP: 140/140 MP: 14/14
    14 | D        | Noticed a bag of meat
    14 | D        | Noticed a bag of meat
    14 | D        | Noticed a bag of meat
    14 | D        | Killed a meat berserker
    14 | D        | Gained mutation: You are significantly more attuned to the shadows. [demonic ancestry]
    14 | D        | Reached XP level 15. HP: 111/151 MP: 15/15
    16 | D        | Noticed a meat berserker
    17 | D        | Reached *** piety under Makhleb
    18 | D        | Reached XP level 16. HP: 164/164 MP: 16/16
    19 | D        | Noticed a meat berserker
    19 | D        | Noticed a meat berserker
    20 | D        | Killed a meat berserker
    20 | D        | Reached skill level 27 in Fighting
    20 | D        | Reached **** piety under Makhleb
    20 | D        | Reached skill level 27 in Axes
    20 | D        | Reached skill level 15 in Stealth
    20 | D        | Gained mutation: You resist negative energy. (rN+) [demonic ancestry]
    20 | D        | Reached XP level 17. HP: 174/174 MP: 17/17
    21 | D        | Killed a meat berserker
    21 | D        | Reached skill level 27 in Dodging
    22 | D        | Gained mutation: You regenerate a little health from kills. [demonic ancestry]
    22 | D        | Reached XP level 18. HP: 182/182 MP: 18/18
    22 | D        | Noticed a destroyer
    23 | D        | Noticed a large bag of meat
    23 | D        | Killed a meat berserker
    23 | D        | Reached ***** piety under Makhleb
    23 | D        | Reached skill level 27 in Stealth
    25 | D        | Reached XP level 19. HP: 189/189 MP: 18/31
    26 | D        | Reached skill level 10 in Throwing
    26 | D        | Reached skill level 10 in Armour
    26 | D        | Reached skill level 10 in Unarmed Combat
    26 | D        | Reached skill level 10 in Spellcasting
    27 | D        | Noticed a meat berserker
    27 | D        | Killed a destroyer
    27 | D        | Reached XP level 20. HP: 197/197 MP: 18/40
    28 | D        | Reached ****** piety under Makhleb
    29 | D        | Noticed a destroyer
    30 | D        | Noticed a destroyer
    30 | D        | Noticed a large bag of meat
    31 | D        | Gained mutation: You are somewhat able to resist unholy torments (1 in 2 success). [demonic ancestry]
    31 | D        | Reached XP level 21. HP: 204/204 MP: 19/45
    31 | D        | Reached skill level 27 in Invocations
    31 | D        | Noticed a destroyer
    31 | D        | Noticed a destroyer
    32 | D        | Killed a large bag of meat
    32 | D        | Gained mutation: Your melee attacks may debilitate your foes. [demonic ancestry]
    32 | D        | Reached XP level 22. HP: 212/212 MP: 19/50
    34 | D        | Killed a destroyer
    36 | D        | Killed a destroyer
    36 | D        | Reached skill level 27 in Throwing
    36 | D        | Reached skill level 27 in Armour
    36 | D        | Reached skill level 27 in Unarmed Combat
    36 | D        | Reached skill level 27 in Spellcasting
    36 | D        | Killed a destroyer
    36 | D        | Reached XP level 23. HP: 219/219 MP: 20/54
    37 | D        | Noticed a destroyer
    39 | D        | Gained mutation: You regenerate health from kills. [demonic ancestry]
    39 | D        | Reached XP level 24. HP: 227/227 MP: 21/54
    40 | D        | Noticed a destroyer
    41 | D        | Noticed a destroyer
    41 | D        | Killed a destroyer
    42 | D        | Noticed a destroyer
    42 | D        | Killed a large bag of meat
    43 | D        | Noticed a destroyer
    43 | D        | Noticed a destroyer
    43 | D        | Reached XP level 25. HP: 234/234 MP: 22/54
    44 | D        | Noticed a destroyer
    44 | D        | Killed a destroyer
    45 | D        | Killed a destroyer
    46 | D        | Killed a destroyer
    46 | D        | Gained mutation: You are completely attuned to the shadows. [demonic ancestry]
    46 | D        | Reached XP level 26. HP: 242/242 MP: 22/54
    47 | D        | Killed a destroyer
    48 | D        | Killed a destroyer
    48 | D        | Killed a destroyer
    48 | D        | Gained mutation: You regenerate a lot of health from kills. [demonic ancestry]
    48 | D        | Reached XP level 27. HP: 249/249 MP: 23/54
    49 | D        | Noticed a large bag of meat
    49 | D        | Noticed a destroyer
    49 | D        | Killed a destroyer
    51 | D        | Noticed a tyrant
    52 | D        | Killed a destroyer
    52 | D        | Killed a large bag of meat
    54 | D        | Noticed a destroyer
    55 | D        | Killed a tyrant
    56 | D        | Noticed a tyrant
    58 | D        | Killed a destroyer
    63 | D        | Noticed a meat beast
    67 | D        | Killed a meat beast
    68 | D        | Noticed a destroyer
    68 | D        | Noticed a meat beast
    68 | D        | Killed a tyrant
    70 | D        | Killed a meat beast
    71 | D        | Noticed a destroyer
    72 | D        | Killed a destroyer
    75 | D        | Killed a destroyer
    80 | D        | Noticed a meat beast
    81 | D        | Killed a meat beast
   100 | D        | Noticed an accursed
   102 | D        | Killed an accursed
   104 | D        | Noticed a tyrant
   104 | D        | Noticed an accursed
   106 | D        | Noticed a dread
   108 | D        | Noticed an accursed
   109 | D        | Killed a dread
   111 | D        | Killed a tyrant
   112 | D        | Killed an accursed
   113 | D        | Noticed a destroyer
   113 | D        | Noticed a meat beast
   114 | D        | Noticed a tyrant
   115 | D        | Killed a meat beast
   118 | D        | Killed an accursed
   119 | D        | Noticed a meat beast
   120 | D        | Noticed a fleshlord
   121 | D        | Noticed a large bag of meat
   121 | D        | Killed a tyrant
   123 | D        | Noticed a tyrant
   126 | D        | Killed a fleshlord
   126 | D        | Killed a large bag of meat
   126 | D        | Killed a meat beast
   127 | D        | Noticed a fleshlord
   131 | D        | Killed a destroyer
   132 | D        | Noticed a meat beast
   132 | D        | Annihilated by a fleshlord

Skill      XL: |  1  2  3  4  5  6  7  8  9 10 11 12 13 14 15 16 17 18 19 20 21 22 |
---------------+-------------------------------------------------------------------+-----
Fighting       | 18 22 24 25 27 | 27.0
Axes           | 17 21 23 25 27 | 27.0
Dodging        | 16 20 21 23 25 27 | 27.0
Stealth        | 8 10 11 12 15 26 27 | 27.0
Throwing       | 8 16 20 24 27 | 27.0
Armour         | 8 16 20 24 27 | 27.0
Unarmed Combat | 8 16 20 24 27 | 27.0
Spellcasting   | 8 16 20 24 27 | 27.0
Invocations    | 12 21 26 27 | 27.0

Action                   |  1- 3 |  4- 6 |  7- 9 | 10-12 | 13-15 | 16-18 | 19-21 | 22-24 | 25-27 || total
-------------------------+-------+-------+-------+-------+-------+-------+-------+-------+-------++-------
Melee: Executioner's axe |     1 |       |       |       |     5 |     6 |     7 |    10 |    51 ||    80
Invok: Greater Servant o |       |       |       |       |       |       |       |       |     4 ||     4
  Use: Potion            |       |       |       |       |       |       |       |       |     1 ||     1
 Stab: Distracted        |       |       |       |       |       |       |       |       |     1 ||     1
Armor: Robe              |       |       |       |       |       |       |       |       |     1 ||     1
Dodge: Dodged            |       |       |       |       |     1 |     2 |       |     1 |    11 ||    15
